 Dungeon Crawl Stone Soup version 0.31.0-11-ge490571c62 (webtiles) character file.

Game seed: 10077994346945806180

847 Silvore the Shield-Bearer (level 7, -13/53 HPs)
             Began as a Demonspawn Fighter on Feb 8, 2024.
             Mangled by an ogre
             ... wielding a +0 giant club
              (28 damage)
             ... on level 5 of the Dungeon.
             The game lasted 00:09:35 (5094 turns).

Silvore the Shield-Bearer (Demonspawn Fighter)      Turns: 5094, Time: 00:09:35

Health: -13/53     AC: 16    Str: 23    XL:     7   Next: 68%
Magic:  7/7        EV: 10    Int:  8    God:
Gold:   328        SH: 10    Dex: 17    Spells: 6/6 levels left

rFire   . . .        a - +1 long sword
rCold   . . .        c - +0 buckler
rNeg    + . .        b - +0 scale mail
rPois   .            (no helmet)
rElec   .            (no cloak)
rCorr   .            e - +0 pair of gloves
SInv    .            (no boots)
Will    .....        (no amulet)
Stlth   +            n - ring "Mikloo" {rN+ AC+4 Str+4 Dex+3}
HPRegen 0.28/turn    o - +4 ring of slaying
MPRegen 0.10/turn

%: no passive effects
@: no status effects
A: thin skeletal structure 1, icemail 1, condensation shield
a: no special abilities


You were on level 5 of the Dungeon.
You visited 1 branch of the dungeon, and saw 5 of its levels.
You also visited: Sewer.

You collected 328 gold pieces.

Inventory:

Hand Weapons
 a - a +1 long sword (weapon)
Armour
 b - a +0 scale mail (worn)
 c - a +0 buckler (worn)
 e - a +0 pair of gloves (worn)
Jewellery
 n - the ring "Mikloo" (left hand) {rN+ AC+4 Str+4 Dex+3}
   (You found it on level 3 of the Dungeon)

   [ring of protection]

   AC+4:      It affects your AC (+4).
   Str+4:     It affects your strength (+4).
   Dex+3:     It affects your dexterity (+3).
   rN+:       It protects you from negative energy.
 o - a +4 ring of slaying (right hand)
 u - an amulet of magic regeneration
Wands
 p - a wand of flame (15)
Scrolls
 f - a scroll of vulnerability
 q - 2 scrolls of fog
 t - a scroll of fear
Potions
 d - 2 potions of might
 g - a potion of resistance {unknown}
 h - 3 potions of mutation {unknown}
 i - 6 potions of haste
 j - a potion of lignification {unknown}
 k - 2 potions of enlightenment {unknown}
 l - 4 potions of invisibility
 m - 3 potions of brilliance {unknown}
 r - a potion of ambrosia {unknown}
 s - a potion of curing {unknown}


   Skills:
 + Level 3.9 Fighting
 + Level 5.0 Long Blades
 + Level 4.0 Armour
 + Level 2.1 Dodging
 + Level 5.2 Shields


You had 6 spell levels left.
You didn't know any spells.
Your spell library contained the following spells:

 Spells                   Type           Power      Damage    Failure   Level
 Call Imp                 Summ           0%         N/A       88%         2
 Sublimation of Blood     Necr           0%         N/A       88%         2
 Summon Hydra             Summ           0%         N/A       100%        7


Dungeon Overview and Level Annotations

Branches:
Dungeon (5/15)              Sewer (visited)
 Temple: D:4-7

Altars:

Shops:
D:5 =

Annotations:
D:5 Menkaure


Innate Abilities, Weirdness & Mutations

You have a somewhat thin skeletal structure. (Dex +2, Stealth+)
A meltable icy envelope protects you from harm. (AC +4)
A meltable shield of frost defends you. (SH +4)


Message History

You miss the adder.
The adder is severely wounded.
The adder closely misses you. x2
You catch the helpless adder completely off-guard!
You hit the adder.
You kill the adder!
You see here an adder corpse.
You flicker back into view.
Found a stone staircase leading down.
There is a stone staircase leading down here.
You hear the slow hiss of a very distant avalanche of sand.
A hound comes into view.
A hound comes into view.
The hound barks!
The hound bites you.
You slash the hound!
The hound is almost dead.
You block the hound's attack.
You closely miss the hound.
The hound is almost dead.
The hound bites you but does no damage. The hound completely misses you.
You slash the hound!
You kill the hound!
Your Long Blades skill increases to level 5!
Your Armour skill increases to level 4!
Menkaure calls on the powers of darkness!
Your body is wracked with pain!
You block the orc's attack.
You barely miss the orc. The orc barely misses you.
You slice the orc!!
You kill the orc!
You see here a +0 flail.
Menkaure calls on the powers of darkness!
The ogre convulses!
Your body is wracked with pain!
* * * LOW HITPOINT WARNING * * *
You barely miss the ogre.
The ogre is severely wounded.
The ogre hits you with a +0 giant club!!
Ouch! That really hurt!
You die...

...............#M##
.#.#.#.#.#.#####.#
... #..#...##.#
#### ##.#.#.##.#
####.#.# ##M#
#......# #.#
#.##.### #.#
#.##... #O#
####.#.#########@##
........>.....)...#
...#.#.#.##########
# #.#.#.......M.# #
#.#.#######.# #.#.#
#.# #.#.# #.# ##
#.#.# #.# . ..#.#
#.#


You could see an ogre and Menkaure.

Vanquished Creatures
  A water moccasin (D:5)
  2 brain worms (Sewer)
  2 orc priests
  3 hounds
  A sleepcap (D:4)
  An iguana (D:4)
  2 orc wizards (D:4)
  9 gnolls (D:3)
  10 adders
  A river rat (Sewer)
  2 dart slugs (D:4)
  2 ribbon worms
  8 orcs
  7 ball pythons
  10 bats
  3 endoplasms
  2 giant cockroaches (D:2)
  37 goblins
  33 hobgoblins
  2 jackals (D:1)
  6 quokkas
  8 frilled lizards
  14 kobolds
  16 rats
182 creatures vanquished.

Notes
Turn   | Place    | Note
-------+----------+-------------------------------------------
     0 | D:1      | Silvore the Demonspawn Fighter began the quest for the Orb.
     0 | D:1      | Reached XP level 1. HP: 18/18 MP: 1/1
   148 | D:1      | Gained mutation: A meltable shield of frost defends you.
                  | (SH +4) [demonic ancestry]
   148 | D:1      | Reached XP level 2. HP: 23/24 MP: 2/2
   732 | D:2      | Gained mutation: You have a somewhat thin skeletal
                  | structure. (Dex +2, Stealth+) [demonic ancestry]
   732 | D:2      | Reached XP level 3. HP: 28/29 MP: 3/3
  1150 | D:2      | Reached XP level 4. HP: 32/35 MP: 4/4
  2017 | D:3      | Found a glowing drain.
  2051 | Sewer    | Entered a sewer
  2119 | Sewer    | Noticed a brain worm
  2132 | Sewer    | Killed a brain worm
  2133 | Sewer    | Reached skill level 1 in Dodging
  2133 | Sewer    | Gained mutation: A meltable icy envelope protects you from
                  | harm. (AC +4) [demonic ancestry]
  2133 | Sewer    | Reached XP level 5. HP: 26/41 MP: 2/5
  2270 | Sewer    | Reached XP level 6. HP: 26/47 MP: 3/6
  2763 | D:3      | Identified the ring "Mikloo" {rN+ AC+4 Str+4 Dex+3}
  4201 | D:4      | Reached XP level 7. HP: 53/53 MP: 7/7
  4629 | D:4      | Reached skill level 5 in Shields
  4920 | D:5      | Entered Level 5 of the Dungeon
  4968 | D:5      | Noticed Menkaure
  4987 | D:5      | Found Jeam's Jewellery Shoppe.
  5073 | D:5      | Reached skill level 5 in Long Blades
  5094 | D:5      | Mangled by an ogre

Illustrated notes

Levels and vault maps discovered:
D:1:      matt_arrival_spirals, layout_basic
D:2:      minmay_kobold_bridge, layout_basic, item_on_display_a
D:3:      minmay_goblin_kobold_castle, layout_basic, serial_glass,
          glass_columns_b, glass_columns_a, portal_sewer_entry_b
D:4:      cheibrodos_pilgrimage, layout_basic, st_stairs_3
D:5:      layout_basic, nicolae_ossuary_entry_catacombs,
          nicolae_inconvenience_store, st_stairs_12, uniq_menkaure

Skill      XL: |  1  2  3  4  5  6  7 |
---------------+----------------------+-----
Shields        | 3 4 5 |  5.2
Long Blades    | 2 3 4 5 |  5.0
Armour         | 3 4 |  4.0
Dodging        | 1 2 |  2.1
Fighting       | |  3.9

Action                     |  1- 3 |  4- 6 |  7- 9 || total
---------------------------+-------+-------+-------++-------
  Melee: Long sword        |   136 |   340 |    62 ||   538
    Use: Scroll            |     3 |     8 |     3 ||    14
         Potion            |       |       |     1 ||     1
   Stab: Invisible         |       |       |     1 ||     1
 Armour: Scale mail        |    97 |   289 |    37 ||   423
  Dodge: Dodged            |    50 |   185 |    46 ||   281
  Block: Buckler           |    69 |   271 |    35 ||   375
